 Dungeon Crawl Stone Soup version 0.22-a0-480-g991dd4b (webtiles) character file.

98 Judge the Conjurer (level 5, -10/35 HPs)
             Began as a Human Conjurer on June 16, 2018.
             Was an Initiate of Qazlal.
             Mangled by KillYourself's ghost (12 damage)
             ... on level 3 of the Dungeon.
             The game lasted 00:22:50 (3158 turns).

Judge the Conjurer (Human Conjurer)                 Turns: 3158, Time: 00:22:50

Health: -10/35     AC:  4    Str:  8    XL:     5   Next: 1%
Magic:  1/8        EV: 12    Int: 16    God:    Qazlal [......]
Gold:   147        SH:  0    Dex: 14    Spells: 5/8 levels left

rFire    + . .     SeeInvis .   m - +3 dagger (elec)
rCold    . . .     Gourm    .   (no shield)
rNeg     . . .     Faith    .   a - +0 robe
rPois    .         Spirit   .   (no helmet)
rElec    .         Reflect  .   q - +0 cloak
rCorr    .         Harm     .   j - +0 pair of gloves
MR       .....                  (no boots)
Stlth    ++........             (no amulet)
HPRegen  0.11/turn              u - ring of protection from fire
MPRegen  0.11/turn              (no ring)

@: about to teleport
A: no striking features
a: Renounce Religion


You were on level 3 of the Dungeon.
You worshipped Qazlal.
Qazlal was noncommittal.
You were not hungry.

You visited 1 branch of the dungeon, and saw 3 of its levels.

You collected 147 gold pieces.

Inventory:

Hand Weapons
 i - a +0 dagger
 m - a +3 dagger of electrocution (weapon)
Missiles
 g - 97 stones (quivered)
Armour
 a - a +0 robe (worn)
 j - a +0 pair of gloves (worn)
 q - a +0 cloak (worn)
 v - a +2 shield
Jewellery
 u - a ring of protection from fire (left hand)
Scrolls
 p - 2 scrolls of remove curse
Potions
 b - a potion of mutation {unknown}
 d - 2 potions of flight {unknown}
 e - a potion of resistance {unknown}
 f - a potion of heal wounds {unknown}
 h - a potion of haste {unknown}
 l - a potion of lignification {unknown}
 o - a potion of might {unknown}
 s - 2 potions of curing {unknown}


   Skills:
 + Level 0.1 Short Blades
 + Level 2.1 Dodging
 * Level 2.2 Stealth
 + Level 2.2 Spellcasting
 * Level 5.6 Conjurations


You had 5 spell levels left.
You knew the following spells:

 Your Spells              Type           Power        Failure   Level  Hunger
a - Magic Dart            Conj           ###.         1%          1    #......
b - Searing Ray           Conj           ###...       3%          2    ###....

Your spell library contained the following spells:

 Spells                   Type           Power        Failure   Level  Hunger
 Iskenderun's Mystic Bla  Conj           ###.....     21%         4    #####..
 Fulminant Prism          Conj/Hex       ##........   54%         4    #####..
 Dazzling Spray           Conj/Hex       ##....       19%         3    ###....
 Force Lance              Conj/Tloc      ##......     54%         4    #####..


Dungeon Overview and Level Annotations

Branches:
Dungeon (3/15)

Altars:
Fedhas
Nemelex Xobeh
Qazlal

Annotations:
D:3 KillYourself's ghost, amateur MiFi


Message History

As you read the scroll labeled NOFELI UCKIO, it crumbles to dust.
You feel aware of your surroundings.
You sensed 3 altars.
It was a scroll of magic mapping.
KillYourself's ghost hits you!
As you read the scroll labeled IRPHO MUVVEO, it crumbles to dust.
It is a scroll of enchant weapon.
Your +2 dagger of electrocution glows red for a moment.
KillYourself's ghost misses you.
You hear a shout!
Okay, then.
As you read the scroll labeled UCLERCHEANE, it crumbles to dust.
The scroll dissolves into smoke.
It was a scroll of fog.
You hear a shout!
KillYourself's ghost hits you.
* * * LOW HITPOINT WARNING * * *
KillYourself's ghost hits you!
* * * LOW HITPOINT WARNING * * *
As you read the scroll labeled POL VI OS QUEH, it crumbles to dust.
You feel strangely unstable.
It was a scroll of teleportation.
KillYourself's ghost hits you!
You die...

###...##......,..#,*≈≈≈*≈≈≈*≈≈≈*,
..........#...,..#,,≈≈≈,≈≈≈,≈≈≈≈≈
.##.#....###..##.#≈≈≈≈≈≈≈≈≈≈≈,≈*,
....W<.........#.#≈≈≈≈≈≈≈≈≈≈,*,,*
##.........##....#*,,,,,,,,,**,**
........##.##.§§§#*,*,,,*,,,*,**≈
##.........##..§§#,**,,*,,,,,**≈≈
#.............#W#**,*,,,,*,**≈≈,
#......##.....#@#*,,*,,*,***≈≈≈,
*#..#####......#§#**,,,,*,**≈≈≈,*
#...# #..,*#.....# **,*,,**≈≈,,,*
..#.###.####.....# *******≈,,,,*
###.#...##....#..#***************
# #.#......#.##........,,,,,,,,,,
###....##.)#....#.#####**,,*,,,,,
......###.##......# *,,*,,,,,
.........<##....###******,,,>,,**


You could see KillYourself's ghost.

Vanquished Creatures
  4 adders
  An ooze (D:2)
  3 dart slugs
  2 orcs (D:3)
  A ball python (D:3)
  8 bats
  2 giant cockroaches (D:1)
  11 goblins
  2 hobgoblins
  6 kobolds
  2 quokkas (D:2)
  3 frilled lizards (D:2)
  A quokka skeleton (D:3)
  5 rats
51 creatures vanquished.

Notes
Turn   | Place    | Note
-------+----------+-------------------------------------------
     0 | D:1      | Judge the Human Conjurer began the quest for the Orb.
     0 | D:1      | Reached XP level 1. HP: 13/13 MP: 3/3
   487 | D:1      | Reached XP level 2. HP: 19/19 MP: 3/5
   491 | D:1      | Learned a level 2 spell: Searing Ray
  1069 | D:1      | Reached XP level 3. HP: 24/24 MP: 3/6
  1713 | D:2      | Reached skill level 5 in Conjurations
  1855 | D:2      | Found a sparkling altar of Nemelex Xobeh.
  1867 | D:2      | Reached XP level 4. HP: 30/30 MP: 4/7
  2038 | D:2      | Found a blossoming altar of Fedhas.
  2039 | D:2      | Found a stormy altar of Qazlal.
  2083 | D:2      | Became a worshipper of Qazlal Stormbringer
  2768 | D:3      | Noticed KillYourself's ghost (amateur MiFi)
  3143 | D:3      | Reached XP level 5. HP: 35/35 MP: 4/8
  3158 | D:3      | Mangled by KillYourself's ghost

Vault maps used:
D:1:      mrwooster_arrival_statue_2
D:2:      grunt_temple_overflow_forces_of_nature,
          nemelex_xobeh_ov_fountains_minmay, grunt_ministairs_4
D:3:      wad_lake_hut, lemuel_doored_altar, nicolae_gozag_seed_capital,
          tso_altar

Skill      XL: |  1  2  3 |
---------------+----------+-----
Conjurations   | 5 |  5.6
Short Blades   | |  0.1
Dodging        | |  2.1
Stealth        | |  2.2
Spellcasting   | |  2.2

Action                   |  1- 3 |  4- 6 || total
-------------------------+-------+-------++-------
Melee: Dagger            |    17 |    10 ||    27
Throw: Stone             |     3 |    11 ||    14
 Cast: Magic Dart        |    27 |    30 ||    57
       Searing Ray       |    12 |     9 ||    21
  Use: Scroll            |     3 |     7 ||    10
  Eat: Chunk             |     1 |       ||     1
       Ration            |     1 |     2 ||     3
Armor: Robe              |     8 |     7 ||    15
Dodge: Dodged            |     8 |    13 ||    21

Table legend:
 A = Spawn XP
 B = Non-spawn XP
 C = Spawn XP percentage of total XP
 D = Spawn monster count
 E = Non-spawn monster count
 F = Spawn count percentage of total count
 G = Total turns spent on level
                    A         B        C        D         E        F      G
               +---------+---------+-------+---------+---------+-------+---------
         Total |       0 |     141 |   0.0 |       0 |      51 |   0.0 |  3158
               +---------+---------+-------+---------+---------+-------+---------
           D:1 |       0 |      29 |   0.0 |       0 |      17 |   0.0 |  1408
           D:2 |       0 |      82 |   0.0 |       0 |      27 |   0.0 |  1480
           D:3 |       0 |      30 |   0.0 |       0 |       7 |   0.0 |   270
               +---------+---------+-------+---------+---------+-------+---------
